[Event "Hungary Olimpic Hopes 2022"]
[Site "Tapolca"]
[Date "2022.06.26"]
[Round "7.9"]
[White "Lehocz, Jozsef Jr."]
[Black "Karacsonyi, Bank"]
[Result "1-0"]
[ECO "A05"]
[WhiteElo "1963"]
[BlackElo "1812"]
[Annotator "NA RC"]
[PlyCount "113"]
[EventDate "2022.06.23"]
[EventType "swiss"]
[EventCountry "HUN"]
[SourceTitle "playchess.com"]
[Source "ChessBase"]
[SourceQuality "1"]
[TimeControl "5400+30"]

1. Nf3 Nf6 2. c4 c5 3. g3 Nc6 4. Bg2 d5 5. cxd5 Nxd5 6. O-O e5 7. d3 Be7 8. Nc3 Nc7 9. Be3 Bd7 10. Rc1 O-O 11. Nd2 Rb8 12. Nc4 f6 13. Nd5 Nxd5 14. Bxd5+ Kh8 15. Bg2 Nd4 16. Bxd4 exd4 17. Qd2 b5 18. Na5 Qb6 19. Rc2 Rfc8 20. Rfc1 Be6 21. Nb3 Bxb3 22. axb3 Qe6 23. Qa5 a6 24. Bf3 f5 25. Qa2 Rc7 26. Qa5 Ra7 27. b4 cxb4 28. Rc6 Qd7 29. Rxa6 Rxa6 30. Qxa6 h6 31. Rc6 b3 32. Qa5 Kh7 33. Rc7 Bd8 34. Rxd7 Bxa5 35. Rxd4 Bc3 36. bxc3 b4 37. Bd5 bxc3 38. Bxb3 Rxb3 39. Rc4 Rb2 40. e3 c2 41. Kg2 Kg6 42. d4 Kf6 43. Rc6+ Ke7 44. h3 Kd7 45. Rc5 Kd6 46. Kf3 g5 47. g4 fxg4+ 48. hxg4 Ke6 49. Ke4 Ra2 50. f3 Kd6 51. Kd3 Ra3+ 52. Kd2 Ra8 53. Rxc2 Rh8 54. Ra2 h5 55. gxh5 Rxh5 56. Ra6+ Kd5 57. Kd3 1-0

[Event "Hungary Olimpic Hopes 2022"]
[Site "Tapolca"]
[Date "2022.06.26"]
[Round "7.11"]
[White "Kasa, Barnabas"]
[Black "Feher, Botond"]
[Result "0-1"]
[ECO "B30"]
[WhiteElo "1323"]
[BlackElo "1792"]
[Annotator "NA RC"]
[PlyCount "98"]
[EventDate "2022.06.23"]
[EventType "swiss"]
[EventCountry "HUN"]
[SourceTitle "playchess.com"]
[Source "ChessBase"]
[SourceQuality "1"]
[TimeControl "5400+30"]

1. e4 c5 2. Nf3 Nc6 3. c3 g6 4. d4 cxd4 5. cxd4 Bg7 6. Nc3 d6 7. Be3 Bg4 8. d5 Ne5 9. Bb5+ Nd7 10. h3 Bxf3 11. Qxf3 Ngf6 12. O-O O-O 13. Qe2 a6 14. Bxd7 Nxd7 15. Rac1 Rc8 16. Bf4 Qa5 17. Qe3 Bxc3 18. bxc3 Qxa2 19. Bh6 Rfe8 20. Qd4 f6 21. Qd1 Qc4 22. Qg4 Nc5 23. f3 Kh8 24. Be3 Rc7 25. Bd4 Nb3 26. Rcd1 Nxd4 27. cxd4 Qb5 28. Rc1 Qd7 29. Rxc7 Qxc7 30. Qf4 Qc4 31. Qe3 Rc8 32. e5 fxe5 33. Qg5 Qxd4+ 34. Kh1 Re8 35. f4 Qxd5 36. f5 e4 37. Qh6 gxf5 38. Qh5 Rf8 39. Qg5 Qf7 40. g4 f4 41. Qa5 e5 42. Qb6 Qd5 43. Qc7 e3+ 44. Kh2 e2 45. Qe7 exf1=N+ 46. Kg1 Qf7 47. Qxd6 Qf6 48. Qc5 Ne3 49. Qb4 Nd5 0-1

[Event "Hungary Olimpic Hopes 2022"]
[Site "Tapolca"]
[Date "2022.06.26"]
[Round "7.12"]
[White "Horvath, Matyas Sandor"]
[Black "Baki, Bence"]
[Result "1-0"]
[ECO "C77"]
[WhiteElo "1354"]
[BlackElo "1566"]
[Annotator "NA RC"]
[PlyCount "98"]
[EventDate "2022.06.23"]
[EventType "swiss"]
[EventCountry "HUN"]
[SourceTitle "playchess.com"]
[Source "ChessBase"]
[SourceQuality "1"]
[TimeControl "5400+30"]

1. e4 e5 2. Nf3 Nc6 3. Bb5 a6 4. Ba4 Nf6 5. d3 b5 6. Bb3 Bc5 7. O-O d6 8. h3 h6 9. Nc3 Na5 10. Nd5 Nxb3 11. Nxf6+ Qxf6 12. axb3 O-O 13. Bd2 Be6 14. b4 Bb6 15. Qe2 Qe7 16. Be3 f5 17. Bxb6 cxb6 18. Nd2 f4 19. Kh2 Rfc8 20. c3 a5 21. bxa5 bxa5 22. Rfc1 Bf7 23. Nf3 Bh5 24. d4 a4 25. Rg1 Ra7 26. Qd2 Kh8 27. dxe5 dxe5 28. Rad1 Bxf3 29. gxf3 Rcc7 30. Qd8+ Kh7 31. Qxe7 Rxe7 32. Rd5 Rab7 33. Rgd1 b4 34. cxb4 Rxb4 35. R1d2 Re6 36. Kg2 Rb3 37. R5d3 Reb6 38. Rxb3 Rxb3 39. Rc2 Rb5 40. Rc4 Rxb2 41. Rxa4 Rb5 42. Ra6 Kg8 43. Ra7 Rb6 44. Re7 Rb5 45. Re6 Kf7 46. Rc6 Rb7 47. Rd6 Re7 48. h4 h5 49. Rc6 Re6 1-0

[Event "Hungary Olimpic Hopes 2022"]
[Site "Tapolca"]
[Date "2022.06.26"]
[Round "7.14"]
[White "Hangyal, Dora"]
[Black "Balazs, Szabina Zoe"]
[Result "1-0"]
[ECO "C01"]
[WhiteElo "1163"]
[BlackElo "1426"]
[Annotator "NA RC"]
[PlyCount "81"]
[EventDate "2022.06.23"]
[EventType "swiss"]
[EventCountry "HUN"]
[SourceTitle "playchess.com"]
[Source "ChessBase"]
[SourceQuality "1"]
[TimeControl "5400+30"]

1. e4 e6 2. d4 d5 3. exd5 exd5 4. Nf3 Bd6 5. Nc3 Ne7 6. Bg5 f6 7. Be3 c6 8. Bd3 Nd7 9. Nh4 Nb6 10. Qh5+ Kd7 11. O-O-O g6 12. Qe2 Kc7 13. g3 g5 14. Ng2 h6 15. f4 h5 16. fxg5 Bg4 17. Qd2 Bxd1 18. Rxd1 fxg5 19. Bxg5 Qd7 20. Nh4 Bb4 21. a3 Bd6 22. Rf1 Raf8 23. Qe2 Rxf1+ 24. Qxf1 Qg4 25. Bd2 Nd7 26. Nf5 Rf8 27. h3 Qg8 28. Nd1 Qf7 29. g4 hxg4 30. hxg4 Qf6 31. Nde3 c5 32. dxc5 Bxc5 33. Qf4+ Kc6 34. Qa4+ Kc7 35. Nxe7 Qe5 36. Ng6 Qg3 37. Nxf8 Nxf8 38. Nxd5+ Kd8 39. Bg5+ Be7 40. Bxe7+ Kc8 41. Qe8# 1-0

[Event "Hungary Olimpic Hopes 2022"]
[Site "Tapolca"]
[Date "2022.06.26"]
[Round "7.17"]
[White "Minga-Nagy, Abel Inti"]
[Black "Hegedus, Zsombor"]
[Result "1-0"]
[ECO "A00"]
[WhiteElo "1364"]
[BlackElo "1320"]
[Annotator "NA RC"]
[PlyCount "119"]
[EventDate "2022.06.23"]
[EventType "swiss"]
[EventCountry "HUN"]
[SourceTitle "playchess.com"]
[Source "ChessBase"]
[SourceQuality "1"]
[TimeControl "5400+30"]

1. g3 d5 2. Bg2 e5 3. c4 c6 4. cxd5 cxd5 5. d4 e4 6. Nc3 Nf6 7. Bg5 Be6 8. Qb3 Nbd7 9. e3 Be7 10. Nge2 h6 11. Bxf6 Nxf6 12. Nf4 O-O 13. Nxe6 fxe6 14. O-O Qd7 15. Rac1 Rac8 16. Ne2 Rc6 17. Rxc6 bxc6 18. Nf4 Bd6 19. Bh3 Re8 20. Rc1 Bxf4 21. gxf4 g5 22. Qa4 g4 23. Bf1 Rc8 24. Qa6 Ne8 25. Bb5 Nd6 26. Rxc6 Rxc6 27. Qxc6 Qxc6 28. Bxc6 Kf7 29. Kg2 Kf6 30. Kg3 h5 31. a4 Nf5+ 32. Kg2 h4 33. b4 h3+ 34. Kh1 Ke7 35. b5 Kd6 36. Be8 Kc7 37. Bf7 Ng7 38. a5 Kb7 39. Kg1 a6 40. b6 Kb8 41. Kf1 Kb7 42. Ke1 Kb8 43. Kd2 Kb7 44. Kc3 Kb8 45. Kb4 Nf5 46. Bxe6 g3 47. fxg3 Nxg3 48. Bxh3 Nh5 49. Kc5 Nf6 50. Be6 Kb7 51. Bxd5+ Kb8 52. h4 Nxd5 53. Kxd5 Kb7 54. f5 Kb8 55. f6 Ka8 56. f7 Kb7 57. h5 Kc8 58. f8=Q+ Kd7 59. b7 Kc7 60. Qc8# 1-0

[Event "Hungary Olimpic Hopes 2022"]
[Site "Tapolca"]
[Date "2022.06.26"]
[Round "7.18"]
[White "Szollosi, Balazs"]
[Black "Molnar-Saska, Tamas"]
[Result "0-1"]
[ECO "B02"]
[WhiteElo "1294"]
[BlackElo "1458"]
[Annotator "NA RC"]
[PlyCount "120"]
[EventDate "2022.06.23"]
[EventType "swiss"]
[EventCountry "HUN"]
[SourceTitle "playchess.com"]
[Source "ChessBase"]
[SourceQuality "1"]
[TimeControl "5400+30"]

1. e4 Nf6 2. Nc3 d5 3. e5 d4 4. exf6 dxc3 5. bxc3 exf6 6. d4 Bd6 7. Bc4 O-O 8. Nf3 Re8+ 9. Be3 Bf4 10. Qd2 Bg4 11. O-O Bxe3 12. fxe3 Nc6 13. Rae1 Bxf3 14. Rxf3 Ne5 15. Rh3 Nxc4 16. Qd3 Nd6 17. Qxh7+ Kf8 18. Qh8+ Ke7 19. Qxg7 Rg8 20. Qh6 Rh8 21. Qf4 Rxh3 22. gxh3 Qg8+ 23. Kh1 Qg5 24. Qxg5 fxg5 25. e4 Rf8 26. e5 Nc4 27. Rg1 f6 28. exf6+ Kxf6 29. Rf1+ Kg7 30. Rg1 Kh6 31. Re1 Rf7 32. Re6+ Kg7 33. Re2 Nb6 34. Kg2 Nd5 35. Re5 Nxc3 36. Rxg5+ Kh6 37. Rg3 Rg7 38. a3 Nb5 39. c3 Nxc3 40. Kf3 Rxg3+ 41. hxg3 Nb5 42. h4 Nxd4+ 43. Ke4 Nb5 44. g4 Nxa3 45. Kf5 Kg7 46. g5 Nc4 47. h5 Nd6+ 48. Ke6 Nf7 49. g6 Nh6 50. Kd5 b6 51. Kc4 a5 52. Kc3 c5 53. Kb3 b5 54. Kb2 b4 55. Kb3 Ng4 56. h6+ Kxh6 57. g7 Kxg7 58. Kb2 c4 59. Ka2 c3 60. Kb1 a4 0-1